Map: Orbital Shipyard

Players

LilDicky

  • Race: Terran Terran
  • League: Diamond

henryci - Winner!

  • Race: Terran Terran
  • League: Diamond

VOD

http://www.twitch.tv/tumescentpie

Description

Time

  • Played on: Dec. 8, 2015, 12:05 a.m.
  • Length: 14:11
Show
View Real Time Build Order
Export as new Build Order

LilDicky Terran 

Build Orders: Mech, Banshee Rush 

Get SALT Encoding   

  12  0:01  SCV  
  13  0:13  SCV  
  14  0:18  Supply Depot  
  14  0:25  SCV  
  15  0:31  Refinery  
  15  0:40  SCV  
  16  0:45  Barracks  
  16  0:52  SCV  
  17  1:04  SCV  
  18  1:17  SCV  
  18  1:18  Refinery  
  19  1:29  SCV  
  19  1:32  Reaper  
  21  1:33  Supply Depot  
  21  1:43  Orbital Command  
  21  2:00  Factory  
  21  2:04  Marine  
  22  2:22  Marine  
  23  2:24  SCV  
  23  2:28  Supply Depot  
  24  2:36  SCV  
  25  2:39  Marine  
  26  2:48  Factory Tech Lab  
  26  2:49  SCV, Starport  
  26  2:57  Marine  
  27  3:01  SCV  
  27  3:04  Engineering Bay  
  28  3:15  Marine  
  31  3:33  Marine  
  29  3:44  Hellion  
  29  3:45  Missile Turret  
  29  3:46  Supply Depot  
  29  3:47  Banshee, Cloaking Field  
  34  3:51  SCV, Marine  
  36  4:05  Command Center  
  36  4:08  Marine  
  37  4:10  SCV  
  38  4:17  Supply Depot  
  38  4:18  Factory Tech Lab  
  38  4:22  SCV  
  39  4:26  Marine  
  40  4:34  SCV, Banshee  
  44  4:40  Siege Tank  
  44  4:45  Marine  
  48  4:46  SCV  
  48  4:50  Supply Depot  
  49  4:58  SCV  
  50  5:03  Marine  
  50  5:05  Supply Depot  
  51  5:12  Siege Tank  
  54  5:31  SCV  
  55  5:38  Orbital Command  
  55  5:39  Refinery  
  55  5:40  Refinery, Missile Turret  
  55  5:48  Missile Turret  
  52  5:51  Missile Turret  
  52  5:53  Viking  
  52  5:56  Marine  
  55  5:57  Cyclone  
  47  6:29  SCV  
  47  6:31  Factory  
  47  6:32  Factory  
  48  6:34  Command Center  
  48  6:45  Missile Turret  
  48  6:49  Banshee  
  47  7:08  Siege Tank  
  50  7:12  SCV  
  51  7:23  Marine  
  51  7:26  Factory Tech Lab x2  
  51  7:28  Factory Reactor  
  51  7:29  Refinery  
  52  7:32  Banshee  
  52  7:35  Starport  
  55  7:37  SCV x2  
  57  7:45  Siege Tank x2  
  63  8:03  Refinery  
  63  8:08  Orbital Command  
  63  8:10  SCV  
  63  8:12  Starport Reactor  
  64  8:13  Marine  
  64  8:16  Hellion x2  
  64  8:19  Infernal Pre-Igniter  
  69  8:31  Sensor Tower, Marine  
  70  8:35  Supply Depot, Missile Turret  
  63  9:03  Hellion x2, Siege Tank x2  
  63  9:06  Viking  
  73  9:15  Viking  
  73  9:16  Banshee  
  69  9:20  SCV  
  66  9:26  SCV  
  60  9:35  Hellion x2, Siege Tank  
  65  9:46  Viking  
  65  9:47  Viking  
  65  9:48  SCV  
  68  10:01  Siege Tank  
  68  10:03  Hellion x2  
  72  10:07  Hellion  
  74  10:16  Banshee, Viking x2  
  74  10:17  SCV  
  74  10:20  SCV x2  
  84  10:29  Widow Mine  
  84  10:30  Widow Mine x2  
  90  10:41  SCV x3  
  93  10:44  Supply Depot  
  93  10:45  Sensor Tower  
  93  10:53  SCV x2  
  93  10:57  SCV  
  96  11:01  Command Center  
  96  11:04  Marine  
  96  11:05  SCV x2  
  99  11:22  Marine  
  100  11:29  Missile Turret  
  100  11:31  Viking x2  
  104  11:32  Viking  
  104  11:34  Siege Tank x2  
  104  11:35  Hellion x2  
  104  11:36  Missile Turret  
  116  11:43  Armory  
  116  11:44  SCV  
  117  11:48  Armory  
  117  11:54  Supply Depot  
  117  11:57  SCV x3  
  120  12:04  Supply Depot  
  120  12:07  Hellion x2  
  124  12:09  SCV  
  124  12:13  SCV x2, Hellion  
  124  12:14  Viking  
  124  12:15  Viking  
  133  12:19  Supply Depot  
  133  12:27  Orbital Command  
  133  12:38  SCV  
  133  12:39  SCV  
  133  12:41  Banshee  
  138  12:49  Supply Depot  
  138  12:56  Fusion Core  
  138  13:00  Armory  
  138  13:08  Missile Turret  
  138  13:10  Command Center  
  138  13:12  SCV  
  139  13:16  Hellion x4  
  102  13:37  Hellion  
Show
View Real Time Build Order
Export as new Build Order

henryci Terran - Winner!

Build Orders: 1/1/1, Bio Tank, MMM Bio 

Get SALT Encoding   

  12  0:01  SCV  
  13  0:13  SCV  
  14  0:16  Refinery  
  14  0:24  Supply Depot  
  14  0:27  SCV  
  15  0:46  SCV, Barracks  
  16  0:58  SCV  
  17  1:10  SCV  
  18  1:22  SCV  
  19  1:34  Orbital Command  
  19  1:35  Reaper  
  19  1:38  Factory  
  20  1:45  Supply Depot  
  20  1:46  Refinery  
  20  2:00  SCV  
  21  2:07  Reaper  
  22  2:13  SCV  
  23  2:23  Starport  
  23  2:24  Hellion  
  23  2:26  SCV  
  26  2:38  SCV  
  26  2:49  Barracks Tech Lab, Hellion  
  26  2:50  SCV  
  29  2:59  Supply Depot  
  29  3:02  SCV  
  30  3:25  SCV  
  29  3:29  Engineering Bay  
  28  3:41  Marine  
  28  3:42  SCV  
  30  3:54  Command Center  
  30  3:56  Missile Turret  
  30  3:58  Siege Tank  
  30  3:59  Viking  
  35  4:05  Barracks Tech Lab  
  35  4:06  Missile Turret  
  35  4:07  SCV, Missile Turret  
  36  4:14  Terran Infantry Weapons Level 1  
  36  4:19  SCV  
  37  4:24  Stimpack  
  37  4:25  Marine  
  38  4:31  SCV  
  39  4:41  Supply Depot  
  39  4:46  Liberator  
  39  4:49  Supply Depot  
  39  5:02  Barracks  
  39  5:03  Siege Tank, Marine  
  39  5:06  Barracks  
  46  5:11  Orbital Command  
  46  5:13  SCV  
  46  5:25  SCV  
  47  5:37  SCV  
  48  5:49  SCV  
  49  5:56  Missile Turret  
  49  5:58  Barracks Reactor x2  
  49  6:00  Viking  
  49  6:01  Siege Tank  
  48  6:35  Marine  
  48  6:36  Supply Depot, SCV x2  
  51  6:51  SCV x2  
  51  6:52  Viking  
  54  6:54  Marine  
  54  6:57  Siege Tank, Marine x4  
  61  7:04  Combat Shields  
  61  7:08  Barracks  
  61  7:12  Marine  
  62  7:15  Missile Turret  
  62  7:18  Supply Depot  
  62  7:20  Marine x4  
  62  7:21  Liberator  
  66  7:28  Missile Turret  
  66  7:30  Marine  
  70  7:58  Command Center  
  70  8:05  Marine  
  71  8:07  Barracks Reactor, Missile Turret  
  71  8:11  Marine x2  
  73  8:14  Marine  
  73  8:18  SCV  
  75  9:08  Marine x3  
  78  9:10  SCV x2, Marine x4  
  81  9:26  Marine x3  
  81  9:28  Marine x4  
  88  9:35  Siege Tank  
  88  9:37  Viking  
  93  9:51  Marine x3  
  84  10:12  Orbital Command  
  80  10:14  Marine x3  
  80  10:15  Marine x4  
  80  10:16  Starport Reactor  
  80  10:17  Terran Infantry Armor Level 1  
  87  10:22  Armory  
  87  10:28  Starport  
  84  10:32  Marine x7  
  91  10:39  Supply Depot  
  91  10:40  Supply Depot x2, Barracks  
  94  10:50  Siege Tank  
  94  10:52  Marine x6  
  100  11:01  Medivac x2  
  104  11:04  Refinery  
  104  11:06  SCV  
  104  11:07  Command Center, SCV  
  104  11:09  Refinery  
  104  11:10  Medivac  
  108  11:12  SCV  
  108  11:17  Marine x3  
  112  11:18  Marine  
  112  11:19  Marine  
  112  11:21  Marine  
  112  11:23  Marine  
  116  11:28  Barracks Reactor  
  116  11:34  SCV x3  
  116  11:39  Medivac  
  121  11:43  Medivac  
  121  11:46  Medivac  
  125  11:50  Supply Depot  
  125  11:59  Supply Depot  
  125  12:11  SCV, Marine x6  
  132  12:16  Engineering Bay  
  132  12:39  Marine  
  132  12:40  Marine x8  
  141  12:46  Siege Tank  
  141  12:50  Supply Depot  
  144  12:57  Marine x5  
  144  12:58  SCV x3, Marine  
  153  13:10  SCV  
  128  13:41  Marine  
  128  13:42  Marine x8  
Tags
 
Add a new tag
Caveats
  • Supply blocks, unpowered buildings, or Contaminate may cause inaccurate times.
  • Supply counts are checked every 10 seconds.